 Dungeon Crawl Stone Soup version 0.30-a0-1002-ga41ad49a19 (webtiles) character file.

Game seed: 9639118125283604453

87 MacCMillion the Shooter (level 4, -1/36 HPs)
             Began as a Demigod Hunter on Apr 5, 2023.
             Slain by an orc
             ... wielding a +0 dagger
              (2 damage)
             ... on level 2 of the Dungeon.
             The game lasted 00:02:05 (2000 turns).

MacCMillion the Shooter (Demigod Hunter)            Turns: 2000, Time: 00:02:06

Health: -1/36      AC:  4    Str: 12    XL:     4   Next: 7%
Magic:  6/6        EV: 12    Int: 11    God:
Gold:   40         SH:  0    Dex: 21    Spells: 3/3 levels left

rFire   . . .      SeeInvis .    a - +0 shortbow
rCold   . . .      Faith    .    (shield currently unavailable)
rNeg    . . .      Spirit   .    c - +0 leather armour
rPois   .          Reflect  .    (no helmet)
rElec   .          Rampage  .    (no cloak)
rCorr   .                        j - +0 pair of gloves
Will    .....                    (no boots)
Stlth   ++                       k - amulet of the acrobat
HPRegen 0.26/turn                (no ring)
MPRegen 0.10/turn                (no ring)

@: no status effects
A: high MP 1, forlorn, divine attributes
a: no special abilities


You were on level 2 of the Dungeon.
You visited 1 branch of the dungeon, and saw 3 of its levels.

You collected 40 gold pieces.

Inventory:

Hand Weapons
 a - a +0 shortbow (weapon)
Armour
 c - a +0 leather armour (worn)
 j - a +0 pair of gloves (worn)
Jewellery
 k - an amulet of the acrobat (around neck)
Scrolls
 b - a scroll of immolation
 d - 3 scrolls of identify {unknown}
 h - 3 scrolls of amnesia {unknown}
Potions
 e - 3 potions of curing {unknown}
 f - 2 potions of mutation {unknown}
 g - a potion of heal wounds {unknown}
 i - a potion of resistance {unknown}


   Skills:
 - Level 1.7 Fighting
 + Level 5.3 Ranged Weapons
 - Level 1.7 Dodging
 - Level 0.9 Stealth


You had 3 spell levels left.
You didn't know any spells.
Your spell library was empty.

Dungeon Overview and Level Annotations

Branches:
Dungeon (3/15)

Annotations:
D:2 Sigmund


Innate Abilities, Weirdness & Mutations

You have an increased reservoir of magic. (+10% MP)
You shall have no god before yourself.
Your divine heritage dramatically boosts your attributes as you level up.


Message History

You shoot an arrow. The arrow barely misses the orc.
The orc hits you but does no damage. The orc closely misses you.
The orc hits you but does no damage. The orc completely misses you.
The orc hits you but does no damage.
You shoot an arrow. The arrow closely misses the orc.
The orc closely misses you. The orc hits you with a +0 dagger.
The orc barely misses you. x2
You shoot an arrow. The arrow hits the orc.
The orc is lightly wounded.
The orc hits you but does no damage. The orc hits you with a +0 dagger.
The orc barely misses you. The orc misses you.
You shoot an arrow.
The arrow hits the orc but does no damage.
The orc is lightly wounded.
The orc barely misses you. The orc completely misses you.
The orc hits you but does no damage. The orc closely misses you.
You shoot an arrow.
The arrow hits the orc but does no damage.
The orc is lightly wounded.
The orc misses you. The orc hits you but does no damage.
The orc barely misses you. The orc hits you with a +0 club.
* * * LOW HITPOINT WARNING * * *
The orc barely misses you. The orc hits you but does no damage.
The orc misses you. The orc barely misses you.
You shoot an arrow. The arrow hits the orc.
The orc is almost dead.
The orc hits you with a +0 short sword.
* * * LOW HITPOINT WARNING * * *
The orc closely misses you. The orc hits you but does no damage.
The orc closely misses you.
You shoot an arrow. The arrow closely misses the orc.
The orc hits you with a +0 short sword.
* * * LOW HITPOINT WARNING * * *
The orc hits you but does no damage. The orc barely misses you.
The orc misses you.
You shoot an arrow. The arrow barely misses the orc.
The orc hits you with a +0 short sword.
* * * LOW HITPOINT WARNING * * *
The orc misses you. The orc hits you with a +0 dagger.
You die...

.......))############..._..#.#
#######.).#### ####........#
........#....# #...........#
############.# #.######....#
.......# #.# #.# ####.#
.#####.# #.## #.# #.# .# #.#
#..####.# #.# .#
#.######..##oo# #.# .#
#.........o@o## #.# .#
############## #.# .# #...#
#.# .# #.#.# #.# .# #.#.# #.#
.# #.#.# #.# .# #.#.# #.# .#
#.#.# #.# .##############.#.#
#.#


You could see 4 orcs.

Vanquished Creatures
  An orc priest (D:2)
  A gnoll (D:1)
  A worm (D:2)
  A dart slug (D:1)
  4 orcs (D:2)
  4 bats
  3 endoplasms
  2 giant cockroaches
  A goblin (D:1)
  A hobgoblin (D:2)
  3 kobolds
  A quokka (D:1)
  5 ball pythons
  6 frilled lizards
  7 rats
41 creatures vanquished.

Notes
Turn   | Place    | Note
-------+----------+-------------------------------------------
     0 | D:1      | MacCMillion the Demigod Hunter began the quest for the Orb.
     0 | D:1      | Reached XP level 1. HP: 17/17 MP: 3/3
   118 | D:1      | Reached skill level 4 in Ranged Weapons
   157 | D:1      | Reached XP level 2. HP: 22/24 MP: 4/4
   985 | D:2      | Reached XP level 3. HP: 29/29 MP: 5/5
  1220 | D:2      | Reached skill level 5 in Ranged Weapons
  1465 | D:2      | Reached XP level 4. HP: 36/36 MP: 6/6
  1901 | D:2      | Noticed Sigmund
  2000 | D:2      | HP: 1/36 [orc/+0 short sword (4)]
  2000 | D:2      | Slain by an orc

Illustrated notes

Levels and vault maps discovered:
D:1:      dpeg_arrival_prison, layout_basic
D:2:      cheibrodos_pilgrimage, layout_basic, basic_altar, uniq_sigmund
D:3:      layout_rooms, uniq_crazy_yiuf_cottage

Skill      XL: |  1  2  3 |
---------------+----------+-----
Ranged Weapons | 4 5 |  5.3
Fighting       | |  1.7
Dodging        | |  1.7
Stealth        | |  0.9

Action                     |  1- 3 |  4- 6 || total
---------------------------+-------+-------++-------
   Fire: Shortbow          |    82 |    29 ||   111
 Armour: Leather armour    |     6 |    11 ||    17
  Dodge: Dodged            |     7 |    29 ||    36

Table legend: (Time is in decaauts)
 A = Elapsed time spent in this place.
 B = Non-inter-level travel time spent in this place.
 C = Inter-level travel time spent in this place.
 D = Time resting spent in this place.
 E = Time spent auto-exploring this place.
 F = Levels seen in this place.
 G = Mean time per level.
                   A        B        C        D        E       F      G
               +--------+--------+--------+--------+--------+-----+--------+
         Total |   2036 |   1922 |    114 |    210 |   1401 |   3 |  678.7 |
       Dungeon |   2036 |   1922 |    114 |    210 |   1401 |   3 |  678.7 |
               +--------+--------+--------+--------+--------+-----+--------+

Top non-repeatable levels by time:
     D:2: 1056 daAuts
     D:1: 975 daAuts
     D:3: 4 daAuts
